 Dungeon Crawl Stone Soup version 0.31-a0-851-g7ff8af7976 (webtiles) character file.

Game seed: 10499647727197291414

235 avis the Ducker (level 5, 22/22 HPs)
             Began as a Felid Shapeshifter on Oct 7, 2023.
             Was an Initiate of Gozag.
             Got out of the dungeon alive.
             The game lasted 00:14:59 (2722 turns).

avis the Ducker (Felid Shapeshifter)                Turns: 2722, Time: 00:15:00

Health: 22/22      AC:  1    Str: 12    XL:     5   Next: 76%
Magic:  6/6        EV: 30    Int: 11    God:    Gozag
Gold:   274        SH:  0    Dex: 16    Spells: 4/4 levels left
                                        Lives:  1   Deaths: 1

rFire   . .          .
                       - Unarmed
rCold   . . .        (shield unavailable)
rNeg    . . .        (body armour unavailable)
rPois   .            (helmet unavailable)
rElec   .            (cloak unavailable)
rCorr   .            (gloves unavailable)
SInv    +            (boots unavailable)
Will    .....        (no amulet)
Stlth   +            d - +5 ring of evasion
HPRegen 0.23/turn    h - +5 ring of evasion
MPRegen 0.10/turn

%: no passive effects
@: beast-form, quick
A: beast (slay +2), very small, claws 1, fangs 3, see invisible, speed 1, shaggy
fur 1, stealthy paws, no weapons or thrown items, no armour, multi-lived
a: Begin Untransformation, Renounce Religion, Potion Petition, Call Merchant,
Bribe Branch


You escaped.
You worshipped Gozag.
Gozag was aware of your devotion.
You were a hulking beast.
You visited 1 branch of the dungeon, and saw 4 of its levels.

You collected 349 gold pieces.
You paid 75 gold pieces to Gozag.

Inventory:

Jewellery
 d - a +5 ring of evasion (left paw)
 h - a +5 ring of evasion (right paw)
Talismans
 b - a beast talisman (active)
 c - a flux talisman
Wands
 p - a wand of digging (1)
Scrolls
 e - 2 scrolls of identify {unknown}
 k - a scroll of teleportation {unknown}
 m - a scroll of noise {unknown}
 n - a scroll of enchant weapon {unknown}
 o - a scroll of poison {unknown}
Potions
 a - 2 potions of lignification
 f - 3 potions of curing {unknown}
 g - a potion of haste {unknown}
 i - a potion of might {unknown}
 j - 2 potions of degeneration {unknown}
 l - a potion of ambrosia {unknown}
 q - a potion of attraction {unknown}


   Skills:
 - Level 2.0 Fighting
 - Level 6.0 Dodging
 - Level 3.0 Unarmed Combat
 * Level 4.9 Shapeshifting


You had 4 spell levels left.
You didn't know any spells.
Your spell library contained the following spells:

 Spells                   Type           Power      Damage    Failure   Level
 Cigotuvi's Dreadful Rot  Necr/Pois/Air  0%         N/A       47%         2
 Ensorcelled Hibernation  Hex/Ice        0%         N/A       47%         2
 Passwall                 Tmut/Erth      0%         N/A       47%         2
 Dazzling Flash           Conj/Hex       0%         N/A       71%         3
 Ignite Poison            Fire/Tmut/Pois 0%         N/A       71%         3
 Swiftness                Air            0%         N/A       71%         3
 Dispel Undead            Necr           0%         3d6       98%         4
 Sticky Flame             Conj/Fire      0%         2d3       98%         4
 Agony                    Necr           0%         N/A       100%        5
 Silence                  Hex/Air        0%         N/A       100%        5
 Death Channel            Necr           0%         N/A       100%        6
 Ignition                 Fire           0%         3d3       100%        8


Dungeon Overview and Level Annotations

Branches:
Dungeon (4/15)
 Temple: D:4-7

Altars:
Gozag
Kikubaaqudgha
Vehumet
Zin

Shops:
D:2 !(?*:

Annotations:
D:4 exclusion: statue


Innate Abilities, Weirdness & Mutations

You are a hulking beast.
Your limbs bulge with bestial killing power. (Slay +2)
You have sharp claws.
You have razor-sharp teeth.
You have supernaturally acute eyesight. (SInv)
You cover ground quickly. (Speed+)
You are covered in fur. (AC +1)
Your paws help you pounce on unaware monsters.
You are incapable of wielding weapons or throwing items.
You cannot wear armour.
You gain extra lives every three experience levels.


Message History

The orc priest looks braver for a moment.
You barely miss the orc priest.
The orc priest is lightly wounded.
The orc priest looks satisfied for a moment.
You scratch the orc priest. Your bite misses the orc priest.
The orc priest is moderately wounded.
The orc priest calls down the wrath of Beogh upon you.
Pain shoots through your body!
Ouch! That really hurt!
You closely miss the orc priest.
The orc priest is moderately wounded.
You scratch the orc priest.
The orc priest is moderately wounded.
The orc priest completely misses you.
You closely miss the orc priest. You bite the orc priest.
The orc priest is heavily wounded.
The orc priest casts a cantrip, but nothing happens.
You scratch the orc priest.
The orc priest is severely wounded.
The orc priest completely misses you.
You barely miss the orc priest.
The orc priest is severely wounded.
The orc priest invokes the aid of Beogh against you.
Beogh smites you!
Ouch! That really hurt!
You die...
Your shape twists and changes as you die.
You rejoin the land of the living...
There is a stone staircase leading up here.
You climb upwards.
There is a stone staircase leading down here.
There is a stone staircase leading up here.
You climb upwards.
There is a stone staircase leading down here.
There is a stone staircase leading up here.
You climb upwards.
There is a stone staircase leading down here.
You see here a +0 short sword.
There is a staircase leading out of the dungeon here.
You have escaped!

#...## ##########
####.#..# #........#
##....##.#
#........####.....##.#
#.........##.......#.#
#..^.......#..)....#..
#........#.........##.
#........#.##.........
#####h..##....###.....
#...##..####...#..
#.>##...>##....###
#.###...###...#...
##..#....##...##...
#..##...###..#.#...
#..#....##...#.....
#..#...###.........
#.##..###..........


There were no monsters in sight!

Vanquished Creatures
  3 orc priests (D:4)
  Robin (D:3)
  A gnoll (D:4)
  4 adders
  2 worms (D:2)
  A dart slug (D:2)
  3 orcs (D:4)
  8 endoplasms
  3 giant cockroaches
  11 goblins
  11 hobgoblins
  A quokka (D:1)
  4 ball pythons
  4 bats
  2 frilled lizards
  13 kobolds
  9 rats
81 creatures vanquished.

Notes
Turn   | Place    | Note
-------+----------+-------------------------------------------
     0 | D:1      | avis the Felid Shapeshifter began the quest for the Orb.
     0 | D:1      | Reached XP level 1. HP: 9/9 MP: 2/2
   151 | D:1      | Reached skill level 3 in Dodging
   233 | D:1      | Reached XP level 2. HP: 12/12 MP: 3/3
   688 | D:2      | Found Foid's Weapon Shoppe.
   701 | D:2      | Found Uraqiwy's Distillery.
   710 | D:2      | Reached XP level 3. HP: 16/16 MP: 4/4
   788 | D:2      | Reached skill level 4 in Dodging
   792 | D:2      | Found the +6 shillelagh "Devastator" {shatter}
   966 | D:2      | Found Dungemusoe's Magic Scroll Shoppe.
   976 | D:2      | Found Ledowag's General Store.
  1056 | D:2      | Found Hadip's Book Shop.
  1139 | D:2      | Reached skill level 5 in Dodging
  1139 | D:2      | Reached XP level 4. HP: 15/19 MP: 5/5
  1517 | D:3      | Found an ancient bone altar of Kikubaaqudgha.
  1719 | D:3      | Noticed Robin
  1732 | D:3      | Killed Robin
  2079 | D:3      | Found an opulent altar of Gozag.
  2087 | D:3      | Became a worshipper of Gozag Ym Sagoz the Greedy
  2122 | D:3      | Found a glowing silver altar of Zin.
  2285 | D:4      | Found a radiant altar of Vehumet.
  2285 | D:4      | Noticed a charred statue
  2400 | D:4      | Reached skill level 6 in Dodging
  2400 | D:4      | Reached XP level 5. HP: 10/22 MP: 6/6
  2611 | D:4      | Killed from afar by an orc priest
  2722 | D:$      | Got out of the dungeon alive.

Illustrated notes

Levels and vault maps discovered:
D:1:      dpeg_arrival_long_road, layout_rooms, minmay_octomino_c4
D:2:      wander_river, layout_basic, serial_shops,
          nicolae_shop_pleasant_corner_grove, shop, shop, nicolae_square_shop,
          nicolae_shop_window_shopping, minmay_3d_cube
D:3:      layout_loops_cross, pdpol_temple_overflow_zin_treasury_gozag_greed,
          mainiacjoe_overflow_small_starburst, minmay_goblin_kobold_house,
          uniq_robin
D:4:      layout_loops_corners, vehumet_statue, mainiacjoe_overflow_paths,
          minmay_temple_entry_proselytizer, serial_bayou_pond_b

Skill      XL: |  1  2  3  4  5 |
---------------+----------------+-----
Dodging        | 3 5 6 |  6.0
Fighting       | 2 |  2.0
Shapeshifting  | 4 |  4.9
Unarmed Combat | |  3.0

Action                     |  1- 3 |  4- 6 || total
---------------------------+-------+-------++-------
  Melee: Unarmed           |   100 |   114 ||   214
         Bite              |     7 |     9 ||    16
         Punch             |     1 |     2 ||     3
   Stab: Sleeping          |     2 |     2 ||     4
 Armour: Skin              |     8 |     9 ||    17
  Dodge: Dodged            |    71 |    73 ||   144

Table legend: (Time is in decaauts)
 A = Elapsed time spent in this place.
 B = Non-inter-level travel time spent in this place.
 C = Inter-level travel time spent in this place.
 D = Time resting spent in this place.
 E = Time spent auto-exploring this place.
 F = Levels seen in this place.
 G = Mean time per level.
                   A        B        C        D        E       F      G
               +--------+--------+--------+--------+--------+-----+--------+
         Total |   2332 |   2019 |    313 |    225 |   1016 |   4 |  583.0 |
       Dungeon |   2332 |   2019 |    313 |    225 |   1016 |   4 |  583.0 |
               +--------+--------+--------+--------+--------+-----+--------+

Top non-repeatable levels by time:
     D:3: 736 daAuts
     D:2: 701 daAuts
     D:1: 559 daAuts
     D:4: 334 daAuts
